 Dungeon Crawl Stone Soup version 0.28.0 (webtiles) character file.

Game seed: 5987545510878602584

28 Gabide the Grave Robber (level 2, -8/20 HPs)
             Began as a Mummy Necromancer on Feb 15, 2022.
             Mangled by a gnoll (9 damage)
             ... on level 2 of the Dungeon.
             The game lasted 00:02:15 (1798 turns).

Gabide the Grave Robber (Mummy Necromancer)         Turns: 1798, Time: 00:02:15

Health: -8/20      AC:  2    Str: 11    XL:     2   Next: 96%
Magic:  6/6        EV: 12    Int: 14    God:
Gold:   55         SH:  0    Dex: 12    Spells: 6/7 levels left

rFire   x . .      SeeInvis .   (no weapon)
rCold   + . .      Faith    .   (no shield)
rNeg    + + +      Spirit   .   a - +0 robe
rPois   ∞          Reflect  .   (no helmet)
rElec   .          Harm     .   (no cloak)
rCorr   .          Rampage  .   (no gloves)
Will    .....                   (no boots)
Stlth   ++........              (no amulet)
HPRegen 0.06/turn               (no ring)
MPRegen 0.10/turn               (no ring)

@: no status effects
A: cold resistance 1, negative energy resistance 3, torment resistance 2, heat
vulnerability 1, no potions
a: no special abilities


You were on level 2 of the Dungeon.
You visited 1 branch of the dungeon, and saw 2 of its levels.

You collected 55 gold pieces.

Inventory:

Armour
 a - a +0 robe (worn)
Scrolls
 f - a scroll of vulnerability
 g - a scroll of blinking {unknown}


   Skills:
 * Level 0.5 Fighting
 * Level 1.5 Dodging
 + Level 1.6 Stealth
 * Level 3.2 Spellcasting
 * Level 4.6 Necromancy


You had 6 spell levels left.
You knew the following spells:

 Your Spells              Type           Power      Damage    Failure   Level
a - Pain                  Necr           60%        1d7       3%          1

Your spell library contained the following spells:

 Spells                   Type           Power      Damage    Failure   Level
 Animate Skeleton         Necr           30%        N/A       3%          1
 Vampiric Draining        Necr           15%        2d7       10%         3
 Animate Dead             Necr           7%         N/A       32%         4
 Agony                    Necr           15%        N/A       65%         5


Dungeon Overview and Level Annotations

Branches:
Dungeon (2/15)

Altars:


Innate Abilities, Weirdness & Mutations

You are immune to poison.
Your flesh is cold resistant. (rC+)
You are immune to negative energy. (rN+++)
You are immune to unholy pain and torment.
You are vulnerable to heat. (rF-)
You do not drink.


Message History

The bullfrog skeleton hits you.
* * * LOW HITPOINT WARNING * * *
Your surroundings suddenly seem different.
There is a stone staircase leading up here.
You climb upwards.
There is a stone staircase leading down here.
You start resting.
You start resting.
You start resting.
HP restored.
You start waiting.
Done waiting.
Done exploring.
Done exploring.
You climb downwards.
There is a stone staircase leading up here.
A hobgoblin and an endoplasm come into view.
The endoplasm quivers.
The hobgoblin moves out of view. 3 gnolls come into view.
The gnoll shouts! x3
A gnoll comes into view. It is wielding a +0 club.
You hear a shout!
The endoplasm writhes in agony.
The gnoll shouts!
The endoplasm writhes in agony.
You kill the endoplasm!
The bullfrog skeleton hits you. The bullfrog skeleton hits you.
As you read the scroll labelled QIATSI YKHLUMMU, it crumbles to dust.
It is a scroll of identify.
f - a scroll of vulnerability The bullfrog skeleton misses you.
You hit the bullfrog skeleton.
The bullfrog skeleton is moderately damaged.
The bullfrog skeleton hits you. x2
* * * LOW HITPOINT WARNING * * *
There is a stone staircase leading up here.
The gnoll hits you from afar with a +0 spear!
You die...

#### #...# ##########...#
.............# #########
.............# #.......#
.............# ####.#####.#######
.............###.##.#####.#.....#
.............#..@......##.#.###.#
...#######...#...#.....##.#.#.#.#
.. #...#..g#.....##.#.#.#.#
#####...#...#......#.#..<#.# .
............g..÷.....)....... ..
######...##Z###..#..........#
...############g###..#........#..
.......g.g..g.g.....[##....####..
.#.....##########....#...........


You could see 4 gnolls and a bullfrog skeleton.

Vanquished Creatures
  6 endoplasms
  A giant cockroach (D:2)
  2 goblins (D:1)
  3 hobgoblins (D:1)
  A kobold (D:1)
  4 ball pythons (D:1)
  5 bats
  A frilled lizard (D:1)
23 creatures vanquished.

Notes
Turn   | Place    | Note
-------+----------+-------------------------------------------
     0 | D:1      | Gabide the Mummy Necromancer began the quest for the Orb.
     0 | D:1      | Reached XP level 1. HP: 13/13 MP: 4/4
   384 | D:1      | Reached XP level 2. HP: 20/20 MP: 2/5
  1036 | D:1      | Found a faded altar of an unknown god.
  1353 | D:2      | HP: 1/20 [bullfrog skeleton (3)]
  1793 | D:2      | HP: 1/20 [bullfrog skeleton (6)]
  1798 | D:2      | Mangled by a gnoll

Illustrated notes

Levels and vault maps discovered:
D:1:      saegor_arrival_simple_a, layout_loops_corners,
          ebering_ecumenical_altar_abandoned
D:2:      layout_basic

Skill      XL: |  1  2 |
---------------+-------+-----
Spellcasting   | 3 |  3.2
Fighting       | |  0.5
Dodging        | |  1.5
Stealth        | |  1.6
Necromancy     | |  4.6

Action                   || total
-------------------------++-------
Melee: Unarmed           ||    12
 Cast: Pain              ||    44
  Use: Scroll            ||     4
Armor: Robe              ||     3
Dodge: Dodged            ||    16
